 Dungeon Crawl Stone Soup version 0.27-a0-1006-g1fd4cec11e (webtiles) character file.

Game seed: 3440678021684873644

77 siradein the Chopper (level 4, 0/39 HPs)
             Began as a Hill Orc Fighter on Apr 17, 2021.
             Slain by Sigmund
             ... wielding a +0 scythe
              (3 damage)
             ... on level 2 of the Dungeon.
             The game lasted 00:02:32 (1707 turns).

siradein the Chopper (Hill Orc Fighter)             Turns: 1707, Time: 00:02:32

Health: 0/39       AC: 11    Str: 19    XL:     4   Next: 34%
Magic:  4/4        EV:  3    Int:  8    God:
Gold:   55         SH:  9    Dex: 10    Spells: 3/3 levels left

rFire    . . .     SeeInvis .   a - +0 war axe
rCold    . . .     Faith    .   c - +0 kite shield
rNeg     . . .     Spirit   .   k - +0 plate armour
rPois    .         Reflect  .   (no helmet)
rElec    .         Harm     .   (no cloak)
rCorr    .         Rampage  .   (no gloves)
Will     .....                  (no boots)
Stlth    ..........             (no amulet)
HPRegen  0.13/turn              (no ring)
MPRegen  0.09/turn              (no ring)

@: no status effects
A: no striking features
a: no special abilities


You were on level 2 of the Dungeon.
You visited 1 branch of the dungeon, and saw 2 of its levels.

You collected 55 gold pieces.

Inventory:

Hand Weapons
 a - a +0 war axe (weapon)
Missiles
 j - 17 poisoned darts (quivered)
Armour
 c - a +0 kite shield (worn)
 k - a +0 plate armour (worn)
Scrolls
 e - a scroll of fog {unknown}
 f - a scroll of identify {unknown}
 h - a scroll of enchant armour {unknown}
Potions
 d - a potion of might
 g - a potion of heal wounds {unknown}
 i - a potion of haste {unknown}


   Skills:
 - Level 3.6 Fighting
 + Level 6.0 Axes
 - Level 3.2 Armour
 - Level 3.2 Shields


You had 3 spell levels left.
You didn't know any spells.
Your spell library was empty.

Dungeon Overview and Level Annotations

Branches:
Dungeon (2/15)

Altars:

Annotations:
D:2 Sigmund


Message History

Sigmund is lightly wounded.
You block Sigmund's attack.
You hit Sigmund.
Sigmund is moderately wounded.
You block Sigmund's attack. Sigmund hits you with a +0 scythe.
You slash Sigmund!
Sigmund is heavily wounded.
Sigmund casts a spell at you.
The puff of flame hits you but does no damage.
You closely miss Sigmund.
Sigmund is heavily wounded.
Sigmund hits you with a +0 scythe. x2
You closely miss Sigmund.
Sigmund is heavily wounded.
You block Sigmund's attack.
You barely miss Sigmund.
Sigmund is heavily wounded.
You block Sigmund's attack.
You hit Sigmund but do no damage.
Sigmund is heavily wounded.
Sigmund hits you but does no damage. Sigmund barely misses you.
You barely miss Sigmund.
Sigmund is heavily wounded.
Sigmund hits you with a +0 scythe!
* * * LOW HITPOINT WARNING * * *
You closely miss Sigmund.
Sigmund is heavily wounded.
You block Sigmund's attack. Sigmund hits you with a +0 scythe.
* * * LOW HITPOINT WARNING * * *
You closely miss Sigmund.
Sigmund is heavily wounded.
Sigmund points at himself and mumbles some strange words.
Sigmund flickers and vanishes!
Deactivating autopickup; reactivate with Ctrl-A.
You miss something. Something hits you but does no damage.
You hear some strange, mumbled words.
A magic dart appears from out of thin air!
The magic dart hits you but does no damage.
You hit something. Something hits you.
You die...

#.# #.# #.#####
##############...... #
#........[.....##### ..
#.######.#####....^.
.###$#.######.# ######.
...........##.########...
.......{@.............[†.
.###.#.###.#..########.##
.......................
....##........########.##
... #.##....## #<.......
.# #@ #....# #########
#......... .....####
.....#


There were no monsters in sight!

Vanquished Creatures
  An orc wizard (D:2)
  An adder (D:2)
  A dart slug (D:1)
  2 orcs (D:2)
  6 ball pythons
  3 bats (D:1)
  3 endoplasms (D:1)
  3 giant cockroaches (D:1)
  6 goblins
  5 hobgoblins
  2 frilled lizards
  2 kobolds (D:1)
  A rat (D:1)
36 creatures vanquished.

Notes
Turn   | Place    | Note
-------+----------+-------------------------------------------
     0 | D:1      | siradein the Hill Orc Fighter began the quest for the Orb.
     0 | D:1      | Reached XP level 1. HP: 19/19 MP: 1/1
    12 | D:1      | Reached skill level 3 in Axes
   107 | D:1      | Reached XP level 2. HP: 16/26 MP: 2/2
   313 | D:1      | Reached skill level 4 in Axes
   443 | D:1      | Reached XP level 3. HP: 27/31 MP: 3/3
   893 | D:2      | Reached skill level 5 in Axes
  1086 | D:2      | Reached XP level 4. HP: 5/38 MP: 4/4
  1640 | D:2      | Reached skill level 6 in Axes
  1678 | D:2      | Noticed Sigmund
  1707 | D:2      | Slain by Sigmund

Illustrated notes

Levels and vault maps discovered:
D:1:      dpeg_arrival_central, layout_rooms
D:2:      layout_basic, uniq_sigmund

Skill      XL: |  1  2  3  4 |
---------------+-------------+-----
Axes           | 3 4 5 6 |  6.0
Fighting       | |  3.6
Armour         | |  3.2
Shields        | |  3.2

Action                   |  1- 3 |  4- 6 || total
-------------------------+-------+-------++-------
Melee: War axe           |    83 |    30 ||   113
Armor: Scale mail        |    36 |     4 ||    40
       Plate armour      |       |     7 ||     7
Dodge: Dodged            |    35 |     2 ||    37
Block: Kite shield       |    47 |    15 ||    62

Table legend: (Time is in decaauts)
 A = Elapsed time spent in this place.
 B = Non-inter-level travel time spent in this place.
 C = Inter-level travel time spent in this place.
 D = Time resting spent in this place.
 E = Time spent auto-exploring this place.
 F = Levels seen in this place.
 G = Mean time per level.
                   A        B        C        D        E       F      G
               +--------+--------+--------+--------+--------+-----+--------+
         Total |   1762 |   1733 |     29 |    204 |   1105 |   2 |  881.0 |
       Dungeon |   1762 |   1733 |     29 |    204 |   1105 |   2 |  881.0 |
               +--------+--------+--------+--------+--------+-----+--------+

Top non-repeatable levels by time:
     D:1: 1121 daAuts
     D:2: 641 daAuts
